 Dungeon Crawl Stone Soup version 0.20.1-1-g8b1a95d (webtiles) character file.

203 mopl the Covered (level 6, 0/51 HPs)
             Began as a Formicid Wanderer on Nov 3, 2017.
             Slain by a gnoll
             ... wielding a +0 whip
              (2 damage)
             ... on level 2 of the Dungeon.
             The game lasted 00:03:58 (3008 turns).

mopl the Covered (Formicid Wanderer)                Turns: 3008, Time: 00:03:58

Health: 0/51       AC:  6    Str: 16    XL:     6   Next: 8%
Magic:  6/6        EV: 10    Int: 11    God:
Gold:   58         SH:  0    Dex: 13    Spells: 5/5 levels left

rFire    . . .     SeeInvis +   h - +0 hand axe
rCold    . . .     Gourm    .   (no shield)
rNeg     . . .     Faith    .   b - +0 ring mail
rPois    .         Spirit   .   (helmet unavailable)
rElec    .         Reflect  .   (no cloak)
rCorr    .         Harm     .   (no gloves)
MR       .....                  (no boots)
Stlth    +.........             (no amulet)
Regen    0.2/turn               (no ring)
MPRegen  0.1/turn               (no ring)

@: no status effects
A: permanent stasis, dig shafts and tunnels, four strong arms, antennae 3
a: Dig, Shaft Self


You were on level 2 of the Dungeon.
You were not hungry.

You visited 1 branch of the dungeon, and saw 3 of its levels.

You collected 58 gold pieces.

Inventory:

Hand Weapons
 a - a +2 spear
 h - a +0 hand axe (weapon)
Armour
 b - a +0 ring mail (worn)
Wands
 n - a wand of random effects (35/48)
Scrolls
 e - a scroll of remove curse {unknown}
 j - 5 scrolls of identify {unknown}
 k - a scroll of magic mapping {unknown}
 l - a scroll of random uselessness {unknown}
 o - a scroll of recharging {unknown}
Potions
 c - 2 potions of curing
 f - a potion of ambrosia {unknown}
Comestibles
 d - a bread ration
 g - 3 fruits
 i - a meat ration


   Skills:
 + Level 5.4 Fighting
 * Level 3.5 Axes
 - Level 1.0 Throwing
 + Level 5.4 Armour
 - Level 1.2 Stealth


You had 5 spell levels left.
You didn't know any spells.

Dungeon Overview and Level Annotations

Branches:
Dungeon (3/15)

Altars:
Hepliaklqana


Innate Abilities, Weirdness & Mutations

You cannot be hasted, slowed, berserked, paralysed or teleported.
You can dig through walls and to a lower floor.
Your four strong arms can wield two-handed weapons with a shield.
You have a pair of large antennae on your head. (SInv)


Message History

Unknown command.
The gnoll misses you. The gnoll barely misses you.
The gnoll hits you with a whip!
* * * LOW HITPOINT WARNING * * *
There is a stone staircase leading up here.
The gnoll closely misses you. The gnoll hits you but does no damage.
You climb upwards.
There is a stone staircase leading down here.
Unknown command.
Unknown command.
Unknown command.
Unknown command.
You barely miss the gnoll.
The gnoll is moderately wounded.
The gnoll hits you but does no damage.
You hit the gnoll.
The gnoll is heavily wounded.
The gnoll hits you with a whip.
You die...

#.# #########.# #......)..#
#.#######.# ##########.#
#.############# #.......##.#
#.............. #.#####....#
#############.. #.##########
################.. #.##.......#
#@g............'..
#.##.#####.####.###.##########..
#.##..........#.# #.# #..
#.##..####.##.#.###.# #..
#.##..####.##....##.###### #..
#.##..#....##....##.##...## #..
#.##..#.##.#.....##..+....# #..
#.###...#######..#####....# ###
#.......'.(.............#.# #


You could see a gnoll.

Vanquished Creatures
  Natasha (thrice) (D:2)
  Robin (D:2)
  6 adders
  An ooze (D:2)
  A worm (D:2)
  A leopard gecko (D:1)
  13 goblins
  9 hobgoblins
  2 jackals (D:3)
  8 kobolds
  A ball python (D:2)
  6 bats
  3 frilled lizards
  7 rats
62 creatures vanquished.

Notes
Turn   | Place    | Note
-------+----------+-------------------------------------------
     0 | D:1      | mopl the Formicid Wanderer began the quest for the Orb.
     0 | D:1      | mopl set off with: a +2 spear, a +0 ring mail, a potion of curing, a bread ration
     0 | D:1      | Reached XP level 1. HP: 20/20 MP: 1/1
   199 | D:1      | Reached XP level 2. HP: 23/26 MP: 2/2
   929 | D:2      | Reached skill level 1 in Axes
   960 | D:2      | Noticed Robin
   973 | D:2      | Reached XP level 3. HP: 32/32 MP: 3/3
   982 | D:2      | Killed Robin
  1245 | D:2      | Noticed Natasha
  1258 | D:2      | Killed Natasha
  1258 | D:2      | Reached skill level 5 in Fighting
  1258 | D:2      | Reached skill level 2 in Axes
  1258 | D:2      | Reached XP level 4. HP: 18/39 MP: 4/4
  1452 | D:2      | Found a hazy altar of Hepliaklqana.
  1552 | D:2      | Reached skill level 5 in Armour
  1891 | D:2      | Reached XP level 5. HP: 14/44 MP: 5/5
  1984 | D:2      | Noticed Natasha
  1999 | D:2      | Killed Natasha
  1999 | D:2      | Reached skill level 3 in Axes
  2337 | D:2      | Noticed Natasha
  2353 | D:2      | Killed Natasha
  2755 | D:2      | Reached XP level 6. HP: 50/51 MP: 6/6
  3004 | D:3      | HP: 1/51 [gnoll/whip (7)]
  3008 | D:2      | Slain by a gnoll

Skill      XL: |  1  2  3  4  5 |
---------------+----------------+-----
Axes           | 1 2 3 |  3.5
Fighting       | 5 |  5.4
Armour         | 5 |  5.4
Throwing       | |  1.0
Stealth        | |  1.2

Action                   |  1- 3 |  4- 6 || total
-------------------------+-------+-------++-------
Melee: Spear             |    27 |       ||    27
       Hand axe          |    77 |   170 ||   247
 Abil: Dig               |     9 |     1 ||    10
  Use: Potion            |       |     1 ||     1
  Eat: Chunk             |     2 |     6 ||     8
Armor: Ring mail         |    42 |    80 ||   122
Dodge: Dodged            |    53 |   106 ||   159
